Description

archon harass into blink stalker all in you need to push after build ends and do a significant damage to enemy economy. İf things turn out bad snipe one of the enemy bases and retreat.

Build Order

Get SALT Encoding   

  19  20:00  Gateway  
  19  20:01  Assimilator  
  19  20:02  Nexus  
  19  20:03  Assimilator  
  19  20:04  Cybernetics Core  
  19  20:05  Adept (Chrono Boost)  
  19  20:06  Warp Gate  
  19  20:07  Mothership Core (Chrono Boost)  
  19  20:08  Twilight Council  
  19  20:09  Zealot  
  19  20:10  Robotics Facility  
  19  20:11  Dark Shrine  
  19  20:12  Gateway  
  19  20:13  Gateway  
  19  20:14  Gateway  
  19  20:15  Warp Prism  
  19  20:16  Assimilator  
  19  20:17  Assimilator  
  19  20:18  Dark Templar  
  19  20:19  Dark Templar  
  19  20:20  Dark Templar  
  19  20:21  Dark Templar  
  19  20:22  Blink (Chrono Boost)  
  19  20:23  Archon  
  19  20:24  Archon  
  19  20:25  Gateway  
  19  20:26  Gateway  
  19  20:27  Gateway  
  19  20:28  Gateway  
  19  20:29  Observer  
  19  20:30  Nexus  
  19  20:31  Stalker  
  19  20:32  Stalker  
  19  20:33  Stalker  
  19  20:34  Stalker  
  19  20:35  Stalker  
  19  20:36  Stalker  
  19  20:37  Stalker  
  19  20:38  Stalker  
Spawning Tool Build Advisor. Get it on Overwolf

Go to:

Details

  • Created by: winzaburst
  • Published on: Dec 10, 2016
  • Modified on: Dec 10, 2016
  • Patch: 3.8.0
Show
View Real Time Build Order
Export as new Build Order

Comments (0)

There are no comments. Be the first!

Create an account to comment!